 Dungeon Crawl Stone Soup version 0.27-a0-1434-g6f15984924 (webtiles) character file.

Game seed: 624479747875473949

16472 dickylongcocking the Fighter (level 12, 0/99 HPs)
             Began as a Djinni Fire Elementalist on July 3, 2021.
             Was a Believer of Makhleb.
             Shot with an arrow by Nessos (1 damage)
             ... on level 12 of the Dungeon.
             The game lasted 00:21:58 (18067 turns).

dickylongcocking the Fighter (DjFE)                Turns: 18067, Time: 00:21:59

Health: 0/99       AC: 11    Str:  7    XL:     12   Next: 70%
Gold:   596        EV: 13    Int: 21    God:    Makhleb [**....] SH:  0 Dex: 19

rFire    + + .     SeeInvis .   D - +2 whip (flame)
rCold    . . .     Faith    .   (no shield)
rNeg     . . .     Spirit   .   C - +2 robe {Will+}
rPois    ∞         Reflect  .   b - +0 helmet
rElec    .         Harm     .   c - +0 cloak
rCorr    .         Rampage  .   A - +0 pair of gloves of Hedge Wizardry {Dex+4}
Will     ++...                  (boots unavailable)
Stlth    ++........             (no amulet)
HPRegen  0.26/turn              m - +4 ring of protection
MPRegen  0.00/turn              p - ring of protection from cold

@: flying
A: sickness immunity, fire resistance 2, cold vulnerability 1, float, innate
caster, hp casting, extra vitality 1
a: Renounce Religion, Minor Destruction


You were on level 12 of the Dungeon.
You worshipped Makhleb.
Makhleb was pleased with you.
You visited 2 branches of the dungeon, and saw 13 of its levels.
You also visited: Sewer.

You collected 596 gold pieces.

Inventory:

Hand Weapons
 f - a +3 dagger of protection
 g - a +0 rapier
 D - a +2 whip of flaming (weapon)
Armour
 a - a +0 robe
 b - a +0 helmet (worn)
 c - a +0 cloak (worn)
 e - a +1 leather armour
 j - a +2 pair of gloves
 A - the +0 pair of gloves of Hedge Wizardry (worn) {Dex+4}
   (You found it on level 7 of the Dungeon)

   Dex:       It affects your dexterity (+4).
 C - a +2 robe of willpower (worn)
Jewellery
 d - a +6 ring of strength
 m - a +4 ring of protection (left hand)
 p - a ring of protection from cold (right hand)
 H - a +4 ring of evasion
 K - an amulet of the acrobat
Wands
 G - a wand of charming (8)
 J - a wand of mindburst (9)
Scrolls
 l - 5 scrolls of fear
 o - 2 scrolls of magic mapping
 v - 3 scrolls of teleportation
 w - 2 scrolls of holy word
 x - a scroll of vulnerability
 y - 3 scrolls of enchant weapon
 E - a scroll of blinking
 F - 2 scrolls of brand weapon
 I - 2 scrolls of immolation
Potions
 h - a potion of ambrosia {unknown}
 k - 3 potions of curing
 n - 2 potions of cancellation {unknown}
 q - 5 potions of might
 r - 2 potions of magic {unknown}
 s - 2 potions of lignification {unknown}
 t - 2 potions of flight {unknown}
 u - 2 potions of haste {unknown}
 z - a potion of berserk rage {unknown}
 B - 2 potions of attraction {unknown}
 M - a potion of mutation {unknown}


   Skills:
 * Level 13.6 Fighting
 - Level 2.2 Dodging
 - Level 1.6 Stealth
 * Level 11.0 Spellcasting


You had 4 spell levels left.
You knew the following spells:

 Your Spells              Type           Power      Damage    Failure   Level
a - Foxfire               Conj/Fire      100%       2x1d9     1%          1
b - Conjure Flame         Conj/Fire      55%        6-21      1%          3
c - Inner Flame           Hex/Fire       55%        N/A       1%          3
d - Sticky Flame          Conj/Fire      55%        2d7       1%          4
e - Fireball              Conj/Fire      27%        3d12      1%          5
f - Corona                Hex            61%        N/A       1%          1
g - Wereblood             Tmut           55%        N/A       1%          2
h - Searing Ray           Conj           100%       3d7       1%          2
i - Mephitic Cloud        Conj/Pois/Air  55%        N/A       1%          3
v - Borgnjor's Vile Clut  Necr/Erth      27%        N/A       1%          5
Your spell library was empty.

Dungeon Overview and Level Annotations

Branches:
Dungeon (12/15)            Temple (1/1) D:4            Lair (0/6) D:9
    Orc (0/2) D:10          Sewer (visited)

Altars:
Ashenzari
Cheibriados
Dithmenos
Elyvilon
Fedhas
Gozag
Hepliaklqana
Kikubaaqudgha
Makhleb
Nemelex Xobeh
Okawaru
Qazlal
Ru
Sif Muna
Trog
Uskayaw
Vehumet
Wu Jian
Xom
Yredelemnul
Zin
The Shining One
Jiyva

Shops:
D:10 [   D:11 (

Annotations:
D:12 Nessos


Innate Abilities, Weirdness & Mutations

You are immune to sickness and miasma.
You are immune to poison.
Your flesh is very heat resistant. (rF++)
You are vulnerable to cold. (rC-)
You float through the air rather than walking.
You learn spells naturally, not from books.
Your magical power is your life essence.
You have superior vitality. (+4 HP)


Message History

Casting: Borgnjor's Vile Clutch (dangerous; 1% risk of failure)
Confirm with . or Enter, or press ? or * to list all spells.
Okay, then.
Casting: Borgnjor's Vile Clutch (dangerous; 1% risk of failure)
Confirm with . or Enter, or press ? or * to list all spells.
Aiming: Fireball (dangerous; 1% risk of failure)
Press: ? - help, Shift-Dir - straight line, f/p - Nessos
Aim: Nessos, wielding a +3 longbow of flaming, wearing a +0 barding, wearing a +4 ring of protection and quivering arrows (noxious fumes, heavily wounded, confused, constricted by zombie hands)
The fireball explodes!
The fireball engulfs Nessos!
Nessos is severely wounded.
* * * LOW HITPOINT WARNING * * *
The zombie hands constrict Nessos.
Nessos is engulfed in noxious fumes.
Nessos escapes!
Nessos is engulfed in noxious fumes.
Unknown command.
Unknown command.
Unknown command.
Unknown command.
Nessos shouts, "What's happening?!"
Unknown command.
Casting: Fireball (dangerous; 1% risk of failure)
Confirm with . or Enter, or press ? or * to list all spells.
Okay, then.
Casting: Fireball (dangerous; 1% risk of failure)
Confirm with . or Enter, or press ? or * to list all spells.
Aiming: Borgnjor's Vile Clutch (dangerous; 1% risk of failure)
Press: ? - help, Shift-Dir - straight line, f/p - Nessos
Aim: Nessos, wielding a +3 longbow of flaming, wearing a +0 barding, wearing a +4 ring of protection and quivering arrows (severely wounded, confused, 100% to hit)
Zombie hands grab Nessos.
* * * LOW HITPOINT WARNING * * *
The zombie hands constrict Nessos.
Nessos struggles to escape constriction. x2
Unknown command.
Unknown command.
Unknown command.
Unknown command.
You feel better.
The zombie hands constrict Nessos!
Nessos seems less confused.
Nessos shoots an arrow.
The arrow hits you!
* * * LOW HITPOINT WARNING * * *
The arrow burns you.
You die...

#.## #..# ##.# ##># #..#
#.# #.## #.# #.# ##c#####
#.# #..○○..### #.##
#.○.......
...##############......###
#..>............@......#
#.###############......#
#.# ###.#### #.# #...###
#.# ###...# #.#
#######'######### ...
..........##..... (..
..........##..... ...
..........##....>


You could see Nessos (clutched).

Vanquished Creatures
  Gastronok (D:8)
  2 hydras
  A two-headed ogre (D:12)
  An orc knight (D:10)
  Pikel (D:6)
  4 ugly things
  A cyclops (D:12)
  An oklob plant (D:7)
  An elephant (D:9)
  2 gargoyles (D:11)
  A kobold demonologist (D:10)
  2 unseen horrors (D:11)
  Maggie (D:6)
  A troll (D:10)
  Prince Ribbit (D:6)
  3 slime creatures
  A wyvern (D:9)
  A shadow (D:11)
  Eustachio (D:6)
  4 wraiths
  6 yaks
  A steam dragon (D:8)
  A basilisk (D:9)
  2 vampire mosquitoes (D:12)
  3 black bears
  An ice beast (D:5)
  Purgy (Sewer)
  3 orc warriors
  2 sky beasts
  An ogre (D:6)
  A centaur (D:9)
  A lemure (D:6)
  2 phantoms
  A bullfrog (D:9)
  4 kobold brigands
  A wyvern zombie (D:7)
  A wyvern skeleton (D:7)
  A water moccasin skeleton (D:7)
  6 killer bees (D:9)
  4 wights (D:8)
  2 electric eels (D:9)
  9 howler monkeys
  5 centaur zombies
  3 hounds
  2 orc priests
  A gnoll shaman (D:8)
  7 jellies
  A bullfrog skeleton (D:6)
  Crazy Yiuf (D:4)
  2 centaur skeletons
  4 iguanas
  3 orc wizards
  A scorpion zombie (D:5)
  Robin (D:3)
  5 gnolls (D:8)
  7 adders
  A river rat (D:3)
  2 white imps
  6 worms
  3 dart slugs
  20 orcs
  11 ball pythons
  7 bats
  21 endoplasms
  5 giant cockroaches
  13 goblins
  7 hobgoblins
  6 jackals
  22 kobolds
  4 quokkas
  11 frilled lizards
  8 rats
275 creatures vanquished.

Vanquished Creatures (others)
  364 foxfires
  6 fungi
  7 plants (D:9)
377 creatures vanquished.

Grand Total: 652 creatures vanquished

Notes
Turn   | Place    | Note
-------+----------+-------------------------------------------
     0 | D:1      | dickylongcocking the Djinni Fire Elementalist began the
                  | quest for the Orb.
     0 | D:1      | Reached XP level 1. HP: 15/15 MP: 0/0
   585 | D:1      | Reached XP level 2. HP: 19/22 MP: 0/0
   769 | D:1      | Reached skill level 1 in Fighting
  1391 | D:1      | Reached XP level 3. HP: 28/28 MP: 0/0
  1391 | D:1      | Learned a level 1 spell: Corona
  1506 | D:1      | Reached skill level 2 in Fighting
  2713 | D:2      | Reached XP level 4. HP: 24/34 MP: 0/0
  3303 | D:3      | Reached skill level 3 in Fighting
  3585 | D:3      | Noticed Robin
  3600 | D:3      | Reached XP level 5. HP: 23/40 MP: 0/0
  3600 | D:3      | Learned a level 2 spell: Wereblood
  3611 | D:3      | Killed Robin
  3770 | D:3      | Found a glowing drain.
  3787 | Sewer    | Entered a sewer
  3965 | Sewer    | Noticed Purgy
  3974 | Sewer    | Killed Purgy
  3975 | Sewer    | Reached skill level 4 in Fighting
  3975 | Sewer    | Reached XP level 6. HP: 42/47 MP: 0/0
  4791 | D:4      | Found a staircase to the Ecumenical Temple.
  4858 | Temple   | Entered the Ecumenical Temple
  5124 | D:4      | Found a hide-covered altar of Uskayaw.
  5216 | D:4      | Found a broken altar of Ashenzari.
  5703 | D:4      | Found a runed translucent door.
  5704 | D:4      | Noticed Crazy Yiuf
  6033 | D:4      | Killed Crazy Yiuf
  6034 | D:4      | Reached XP level 7. HP: 35/53 MP: 0/0
  6034 | D:4      | Learned a level 2 spell: Searing Ray
  6203 | D:5      | Entered Level 5 of the Dungeon
  6236 | D:5      | Reached skill level 5 in Fighting
  6640 | D:5      | Found a blossoming altar of Fedhas.
  6641 | D:5      | Found a stormy altar of Qazlal.
  6755 | D:5      | Reached XP level 8. HP: 61/61 MP: 0/0
  6786 | D:5      | Reached skill level 6 in Fighting
  6823 | D:5      | Reached skill level 5 in Spellcasting
  7129 | D:6      | Noticed Eustachio
  7155 | D:6      | Killed Eustachio
  7467 | D:6      | Found a shadowy altar of Dithmenos.
  7492 | D:6      | Reached skill level 7 in Fighting
  7591 | D:6      | Found a burning altar of Makhleb.
  7605 | D:6      | Reached XP level 9. HP: 27/68 MP: 0/0
  7605 | D:6      | Learned a level 3 spell: Mephitic Cloud
  7634 | D:6      | Noticed Maggie
  7901 | D:6      | Killed Maggie
  7902 | D:6      | Reached skill level 8 in Fighting
  9042 | D:7      | Noticed Prince Ribbit
  9180 | D:7      | Noticed Pikel
  9192 | D:6      | Killed Prince Ribbit
  9320 | D:6      | Killed Pikel
  9321 | D:6      | Reached skill level 9 in Fighting
  9321 | D:6      | Reached XP level 10. HP: 45/78 MP: 0/0
 10480 | D:7      | Identified the +0 pair of gloves of Hedge Wizardry {Dex+4}
 10618 | D:7      | Noticed an oklob plant
 10635 | D:7      | Killed an oklob plant
 10636 | D:7      | Reached skill level 10 in Fighting
 11794 | D:8      | Noticed Gastronok
 11811 | D:8      | Killed Gastronok
 11812 | D:8      | Reached skill level 11 in Fighting
 11812 | D:8      | Reached XP level 11. HP: 58/87 MP: 0/0
 11812 | D:8      | Learned a level 5 spell: Borgnjor's Vile Clutch
 11934 | D:8      | Found a shimmering altar of Xom.
 11935 | D:8      | Found a hazy altar of Hepliaklqana.
 11971 | D:8      | Noticed a purple ugly thing
 11985 | D:8      | Killed a purple ugly thing
 12253 | D:6      | Became a worshipper of Makhleb the Destroyer
 12640 | D:9      | Found a staircase to the Lair.
 12640 | D:9      | Noticed an elephant
 12648 | D:9      | Killed an elephant
 12936 | D:9      | Found an ornate altar of the Wu Jian Council.
 13950 | D:10     | Entered Level 10 of the Dungeon
 13961 | D:10     | Reached * piety under Makhleb
 13964 | D:10     | Reached skill level 12 in Fighting
 14108 | D:10     | Noticed a white ugly thing
 14236 | D:10     | Found Baplul's Armour Shoppe.
 14236 | D:10     | Found a staircase to the Orcish Mines.
 14236 | D:10     | Noticed an orc knight
 14245 | D:10     | Killed an orc knight
 14620 | D:10     | Killed a white ugly thing
 14641 | D:10     | Reached skill level 10 in Spellcasting
 15447 | D:11     | Noticed a green ugly thing
 15454 | D:11     | Killed a green ugly thing
 15460 | D:11     | Reached XP level 12. HP: 69/96 MP: 0/0
 16296 | D:11     | Noticed a seven-headed hydra
 16307 | D:11     | Killed a seven-headed hydra
 16307 | D:11     | Reached ** piety under Makhleb
 16308 | D:11     | Reached skill level 13 in Fighting
 16423 | D:11     | Found Ickylaw's Weapon Shop.
 16482 | D:12     | Noticed a two-headed ogre
 16487 | D:12     | Killed a two-headed ogre
 16549 | D:12     | Noticed Nessos
 17417 | D:12     | Noticed a five-headed hydra
 17420 | D:12     | Killed a five-headed hydra
 18067 | D:12     | HP: 1/99 [Nessos/arrow (15)]
 18067 | D:12     | Shot with an arrow by Nessos

Illustrated notes

Levels and vault maps discovered:
D:1:      lightli_arrival_maybe_door_vault, layout_loops_ring,
          kennysheep_decorative_pillar
D:2:      layout_rooms
D:3:      layout_basic, gup_sewer_entry_bubbles, nrook_uturn,
          mrwooster_statue_mirror, uniq_robin
D:4:      layout_loops_cross, grunt_temple_overflow_open, kennysheep_mini,
          minmay_temple_entry_waves, chequers_serial_rivers_micro_e,
          minmay_misc_feat_secret_circle, uniq_crazy_yiuf_cottage
D:5:      layout_basic, grunt_temple_overflow_forces_of_nature
D:6:      layout_cave_pools, grunt_dithmenos_shadows, bloody_makhleb,
          uniq_maggie, uniq_eustachio
D:7:      lemuel_slime, layout_cave_pools, dk_noncrumbling_4,
          uniq_prince_ribbit1, uniq_pikel
D:8:      layout_rooms, regret_index_temple_of_mockery, uniq_gastronok
D:9:      layout_roguey, nicolae_overflow_crystal_walls, david_lair_generic,
          serial_bayou_pond_c
D:10:     layout_loops_ring, kennysheep_little_box, orc_david_3,
          minmay_unpleasant_kobolds
D:11:     layout_long_grid, serial_shops, nicolae_shop_stone
D:12:     layout_roguey, nicolae_gozag_cash_rules_everything_around_me,
          uniq_nessos, uniq_josephine
Temple:   pf_slimified_temple

Skill      XL: |  1  2  3  4  5  6  7  8  9 10 11 12 |
---------------+-------------------------------------+-----
Fighting       | 1 2 3 4 5 7 9 11 12 13 | 13.6
Spellcasting   | 3 4 6 7 8 10 11 | 11.0
Dodging        | |  2.2
Stealth        | |  1.6

Action                   |  1- 3 |  4- 6 |  7- 9 | 10-12 || total
-------------------------+-------+-------+-------+-------++-------
Melee: Rapier            |    16 |       |       |       ||    16
       Dagger            |     9 |    92 |    67 |       ||   168
       Unarmed           |     1 |       |       |       ||     1
       Whip              |       |       |       |    57 ||    57
 Cast: Foxfire           |    91 |    88 |    29 |    19 ||   227
       Inner Flame       |       |     6 |     4 |    29 ||    39
       Sticky Flame      |       |     4 |    30 |    64 ||    98
       Searing Ray       |       |       |    11 |     4 ||    15
       Fireball          |       |       |       |    46 ||    46
       Conjure Flame     |       |       |       |     2 ||     2
       Borgnjor's Vile C |       |       |       |    18 ||    18
       Mephitic Cloud    |       |       |       |     1 ||     1
Evoke: Wand              |       |       |       |     5 ||     5
  Use: Potion            |     1 |     5 |       |     5 ||    11
       Scroll            |       |    10 |       |    10 ||    20
 Stab: Sleeping          |     3 |       |       |     1 ||     4
Armor: Leather armour    |     9 |    63 |    70 |       ||   142
       Robe              |       |       |       |    97 ||    97
Dodge: Dodged            |    26 |    89 |   108 |   145 ||   368

Table legend: (Time is in decaauts)
 A = Elapsed time spent in this place.
 B = Non-inter-level travel time spent in this place.
 C = Inter-level travel time spent in this place.
 D = Time resting spent in this place.
 E = Time spent auto-exploring this place.
 F = Levels seen in this place.
 G = Mean time per level.
                   A        B        C        D        E       F      G
               +--------+--------+--------+--------+--------+-----+--------+
         Total |  18100 |  17565 |    535 |   4850 |  10638 |  14 | 1292.9 |
       Dungeon |  17561 |  17027 |    534 |   4850 |  10264 |  12 | 1463.4 |
        Temple |    171 |    171 |      0 |      0 |     81 |   1 |  171.0 |
         Sewer |    367 |    367 |      0 |      0 |    293 |   1 |  367.0 |
               +--------+--------+--------+--------+--------+-----+--------+

Top non-repeatable levels by time:
     D:6: 2490 daAuts
    D:11: 1816 daAuts
     D:1: 1767 daAuts
     D:2: 1493 daAuts
     D:8: 1419 daAuts
     D:5: 1407 daAuts
     D:9: 1377 daAuts
    D:10: 1335 daAuts
     D:4: 1266 daAuts
     D:3: 1174 daAuts
     D:7: 1035 daAuts
    D:12: 977 daAuts
   Sewer: 367 daAuts
  Temple: 171 daAuts
